AoeStats
← Comend x comend

Arena

506319232Analyzed
4v4 RM · 19d ago on Sep 13, 2026· 38m 28s· 8 players
Game mode
Random Map
Map size
Large (8 player)
Population
200
Speed
Normal
Resources
Standard
Victory
Conquest
Starting age
Dark Age
Ending age
Imperial Age
RankedLock teamsTeams togetherTeam positionsShared explorationLock speedFull tech treeHidden civsTurbo modeCheats
Victory
Defeat
🇦🇺 Armenians · Australia
1443
+12
🇲🇽 Cumans · Mexico
1437
+12
🇨🇳 Malians · China
1383
+15
🇵🇪 Turks · Peru
1306
+18
🇩🇰 Italians · Denmark
1489
-19
🇺🇸 Slavs · United States
1374
-15
🇺🇸 Lithuanians · United States
1367
-15
🇺🇸 Saracens · United States
1185
-8
Comend x comend
12:22 Feudal Age
16:23 Castle Age
20:36 Imperial Age
28:28 Wheelbarrow
28:24 Horse Collar
28:38 Double-Bit Axe
32:43 Bow Saw
32:36 Heavy Plow
34:36 Loom
37:38 Two-Man Saw
36:44 Gold Mining
vectorJ
10:42 Feudal Age
15:00 Castle Age
12:48 Double-Bit Axe
13:02 Horse Collar
15:08 Gold Mining
16:28 Loom
18:06 Bow Saw
21:37 Wheelbarrow
21:05 Heavy Plow
22:52 Fletching
23:28 Bodkin Arrow
27:38 Imperial Age
26:01 Hand Cart
25:48 Stone Mining
26:16 Padded Archer Armor
27:29 Ballistics
29:45 Chemistry
28:46 Bracer
30:35 Leather Archer Armor
30:39 Fereters
30:23 Town Watch
31:23 Scale Mail Armor
31:34 Forging
31:46 Conscription
32:22 Chain Mail Armor
32:47 Masonry
32:32 Murder Holes
33:35 Gold Shaft Mining
32:35 Pikeman
33:15 Squires
33:00 Gambesons
33:23 Halberdier
35:26 Hoardings
36:10 Plate Mail Armor
36:16 Iron Casting
35:40 Man-at-Arms
36:06 Arson
36:47 Fortified Wall
36:36 Long Swordsman
38:22 Two-Handed Swordsman
安拉的使者
10:04 Feudal Age
13:57 Castle Age
12:21 Horse Collar
13:16 Double-Bit Axe
14:57 Town Watch
18:06 Wheelbarrow
17:50 Loom
19:17 Gold Mining
20:10 Scale Mail Armor
22:03 Squires
24:56 Forging
35:33 Stone Mining
36:18 Gold Shaft Mining
38:35 Iron Casting
Mike
9:02 Feudal Age
9:40 Double-Bit Axe
13:30 Wheelbarrow
13:27 Horse Collar
19:47 Castle Age
20:42 Bow Saw
24:55 Imperial Age
22:38 Heavy Plow
23:34 Gold Mining
24:24 Scale Barding Armor
24:18 Loom
24:56 Forging
25:48 Gold Shaft Mining
25:55 Chain Barding Armor
25:51 Bloodlines
25:05 Cavalier
26:13 Hand Cart
27:31 Plate Barding Armor
27:54 Crop Rotation
27:48 Paladin
29:48 Iron Casting
31:57 Blast Furnace
36:32 Fletching
36:42 Padded Archer Armor
37:45 Chemistry
37:05 Ballistics
shottyg
11:12 Feudal Age
12:56 Double-Bit Axe
15:20 Castle Age
13:17 Horse Collar
16:19 Heavy Plow
16:33 Bow Saw
21:30 Wheelbarrow
23:59 Scale Mail Armor
26:34 Imperial Age
24:40 Forging
24:46 Gold Mining
25:14 Chain Mail Armor
25:16 Squires
26:21 Gold Shaft Mining
26:57 Iron Casting
27:57 Plate Mail Armor
32:22 Blast Furnace
32:19 Pikeman
34:12 Halberdier
38:30 Detinets
Herr_Gedoens
11:41 Feudal Age
10:37 Loom
17:19 Castle Age
16:19 Horse Collar
32:07 Double-Bit Axe
NUBSINC
9:53 Feudal Age
15:00 Castle Age
14:18 Double-Bit Axe
16:02 Light Cavalry
21:04 Wheelbarrow
20:49 Husbandry
22:27 Fervor
25:36 Bloodlines
26:56 Scale Barding Armor
27:02 Forging
27:29 Gold Mining
28:28 Chain Barding Armor
29:57 Iron Casting
35:05 Hand Cart
37:41 Imperial Age
36:21 Town Watch
Lord Longshaft
11:07 Feudal Age
12:30 Double-Bit Axe
15:20 Castle Age
13:24 Double-Bit Axe
13:57 Horse Collar
14:53 Gold Mining
17:37 Bow Saw
17:25 Loom
20:50 Loom
21:43 Wheelbarrow
22:40 Crossbowman
23:43 Ballistics
24:03 Fletching
24:41 Stone Mining
26:02 Padded Archer Armor
33:07 Murder Holes
36:20 Imperial Age
34:33 Masonry
Connection lost

Rejoining the realm…

Still unreachable

The connection could not be restored.

Session expired

The server has moved on; the page needs a fresh start.